 Dungeon Crawl Stone Soup version 0.29-a0-330-g52719c12eb (webtiles) character file.

Game seed: 12788259557708589692

0 kae the Firebug (level 1, -1/14 HPs)
             Began as a Demigod Fire Elementalist on May 13, 2022.
             Slain by a giant cockroach (2 damage)
             ... on level 1 of the Dungeon.
             The game lasted 00:00:07 (84 turns).

kae the Firebug (Demigod Fire Elementalist)           Turns: 84, Time: 00:00:07

Health: -1/14      AC:  2    Str:  9    XL:     1   Next: 6%
Magic:  3/5        EV: 12    Int: 17    God:
Gold:   13         SH:  0    Dex: 14    Spells: 2/3 levels left

rFire   . . .      SeeInvis .   (no weapon)
rCold   . . .      Faith    .   (no shield)
rNeg    . . .      Spirit   .   a - +0 robe
rPois   .          Reflect  .   (no helmet)
rElec   .          Harm     .   (no cloak)
rCorr   .          Rampage  .   (no gloves)
Will    .....                   (no boots)
Stlth   ++........              (no amulet)
HPRegen 0.04/turn               (no ring)
MPRegen 0.09/turn               (no ring)

@: no status effects
A: high MP 1, forlorn, divine attributes
a: no special abilities


You were on level 1 of the Dungeon.
You visited 1 branch of the dungeon, and saw 1 of its levels.

You collected 13 gold pieces.

Inventory:

Armour
 a - a +0 robe (worn)
Scrolls
 c - a scroll of identify {unknown}
Potions
 b - a potion of magic


   Skills:
 + Level 0.0 Fighting
 + Level 1.7 Dodging
 - Level 1.7 Stealth
 + Level 1.7 Spellcasting
 + Level 0.8 Conjurations
 + Level 2.7 Fire Magic


You had 2 spell levels left.
You knew the following spells:

 Your Spells              Type           Power      Damage    Failure   Level
a - Foxfire               Conj/Fire      28%        2x1d5     10%         1

Your spell library contained the following spells:

 Spells                   Type           Power      Damage    Failure   Level
 Scorch                   Fire           20%        2d6       10%         2
 Conjure Flame            Conj/Fire      7%         6-21      28%         3
 Inner Flame              Hex/Fire       6%         N/A       34%         3
 Stone Arrow              Conj/Erth      6%         3d7       45%         3
 Flame Wave               Conj/Fire      7%         2d5       67%         4
 Animate Armour           Summ/Erth      2%         N/A       89%         4
 Lehudib's Crystal Spear  Conj/Erth      1%         10d2      100%        8


Dungeon Overview and Level Annotations

Branches:
Dungeon (1/15)


Innate Abilities, Weirdness & Mutations

You have an increased reservoir of magic. (+10% MP)
You shall have no god before yourself.
Your divine heritage dramatically boosts your attributes as you level up.


Message History

The foxfire hits the giant cockroach.
The giant cockroach is heavily wounded.
The giant cockroach bites you. The giant cockroach barely misses you.
The giant cockroach closely misses you.
Casting: Foxfire (safe; 10% risk of failure)
Confirm with . or Enter, or press ? or * to list all spells.
There is not enough space to conjure foxfire!
Casting: Foxfire (safe; 10% risk of failure)
Confirm with . or Enter, or press ? or * to list all spells.
There is not enough space to conjure foxfire!
You hit the giant cockroach but do no damage.
The giant cockroach is heavily wounded.
The giant cockroach bites you. The giant cockroach barely misses you.
You hit the giant cockroach but do no damage.
The giant cockroach is heavily wounded.
The giant cockroach bites you. The giant cockroach closely misses you.
You barely miss the giant cockroach.
The giant cockroach is heavily wounded.
The giant cockroach barely misses you. The giant cockroach bites you.
You hit the giant cockroach.
The giant cockroach is severely wounded.
The giant cockroach completely misses you.
The giant cockroach bites you.
The giant cockroach barely misses you. x2
You barely miss the giant cockroach.
The giant cockroach is severely wounded.
The giant cockroach bites you. The giant cockroach misses you.
You hit the giant cockroach.
The giant cockroach is almost dead.
The giant cockroach bites you. x2
* * * LOW HITPOINT WARNING * * *
You closely miss the giant cockroach.
The giant cockroach is almost dead.
The giant cockroach bites you.
* * * LOW HITPOINT WARNING * * *
The giant cockroach bites you.
* * * LOW HITPOINT WARNING * * *
You hit the giant cockroach but do no damage.
The giant cockroach is almost dead.
The giant cockroach closely misses you. The giant cockroach bites you.
You die...

#P⌠P#.# .#
#PPP#.# .#
#####.## ##$
....'..## #..
#####...##
#.#
#PPP#....#
##.#####..
#P⌠P#....#
#.........
#PPP#....#
#.)###
#####...##
#..B@#
.......##
#†##B#
######.#
#.##.# #.#
#.##.#
#.######.##.#
#........##.#
###########!#
$..B....#
#######.#


You could see 2 giant cockroaches.

Vanquished Creatures
  A rat (D:1)
1 creature vanquished.

Vanquished Creatures (others)
  6 foxfires (D:1)
6 creatures vanquished.

Grand Total: 7 creatures vanquished

Notes
Turn   | Place    | Note
-------+----------+-------------------------------------------
     0 | D:1      | kae the Demigod Fire Elementalist began the quest for the
                  | Orb.
     0 | D:1      | Reached XP level 1. HP: 14/14 MP: 5/5
    84 | D:1      | Slain by a giant cockroach

Illustrated notes

Levels and vault maps discovered:
D:1:      beargit_arrival_greenhouse, layout_loops_ring,
          nicolae_concentric_dashed_squares_wild, bh_walls_and_bars

Action                   || total
-------------------------++-------
Melee: Unarmed           ||     8
 Cast: Foxfire           ||     5
Armor: Robe              ||     2
Dodge: Dodged            ||    11

Table legend: (Time is in decaauts)
 A = Elapsed time spent in this place.
 B = Non-inter-level travel time spent in this place.
 C = Inter-level travel time spent in this place.
 D = Time resting spent in this place.
 E = Time spent auto-exploring this place.
 F = Levels seen in this place.
 G = Mean time per level.
                   A        B        C        D        E       F      G
               +--------+--------+--------+--------+--------+-----+--------+
         Total |     84 |     84 |      0 |      0 |     54 |   1 |   84.0 |
       Dungeon |     84 |     84 |      0 |      0 |     54 |   1 |   84.0 |
               +--------+--------+--------+--------+--------+-----+--------+

Top non-repeatable levels by time:
     D:1: 84 daAuts
